 Dungeon Crawl Stone Soup version 0.29-a0-559-g359e09b9d1 (webtiles) character file.

Game seed: 10665102812132601297

43 freelancePsychic the Shooter (level 4, -2/57 HPs)
             Began as a Meteoran Hunter on June 9, 2022.
             Slain by an iguana (10 damage)
             ... on level 3 of the Dungeon.
             The game lasted 00:02:10 (676 turns).

freelancePsychic the Shooter (Meteoran Hunter)       Turns: 676, Time: 00:02:11

Health: -2/57      AC: 22    Str: 12    XL:     4   Next: 6%
Magic:  5/5        EV:  2    Int: 11    God:
Gold:   58         SH:  0    Dex: 25    Spells: 3/3 levels left

rFire   . . .      SeeInvis .   a - +1 shortbow
rCold   . . .      Faith    .   (shield currently unavailable)
rNeg    . . .      Spirit   .   (body armour currently unavailable)
rPois   +          Reflect  .   (helmet currently unavailable)
rElec   .          Harm     .   (cloak currently unavailable)
rCorr   .          Rampage  .   (gloves currently unavailable)
Will    .....      NoTele   +   (boots currently unavailable)
Stlth   +.........              (no amulet)
HPRegen 0.19/turn               g - +6 ring of dexterity
MPRegen 0.09/turn               (no ring)

@: tree-form, glowing
A: stationary, stasis, torment immunity, boosted hp, sense surroundings 1,
otherworldly, glowing, explore regen
a: no special abilities


You were on level 3 of the Dungeon.
You were a tree.
You visited 1 branch of the dungeon, and saw 3 of its levels.

You collected 58 gold pieces.

Inventory:

Hand Weapons
 a - a +1 shortbow (weapon)
Armour
 b - a +0 leather armour (melded)
Jewellery
 g - a +6 ring of dexterity (left branch)
Scrolls
 c - a scroll of immolation
 d - a scroll of poison
 i - a scroll of silence
Potions
 e - a potion of haste {unknown}
 h - a potion of degeneration {unknown}


   Skills:
 + Level 3.0 Fighting
 * Level 5.3 Bows
 - Level 2.4 Dodging
 - Level 0.6 Stealth


You had 3 spell levels left.
You didn't know any spells.
Your spell library was empty.

Dungeon Overview and Level Annotations

Branches:
Dungeon (3/15)

Altars:

Annotations:
D:3 1 runed translucent door, Curundu's ghost, weakling TrFi


Innate Abilities, Weirdness & Mutations

You are a tree.
Your roots penetrate the ground, keeping you stationary.
You cannot be teleported.
You are immune to unholy pain and torment.
Your maximum health is greatly increased.
Your equipment is partially melded.
You passively map a small area around you.
You are easily found by Zot.
You glow in the dark.
You regain HP and MP as you explore.


Message History

Press: ? - help, Shift-Dir - straight line, f/p - iguana
Aim: an iguana (heavily wounded, 71% to hit)
You shoot an arrow.
The arrow hits the iguana but does no damage.
The iguana is heavily wounded.
The iguana bites you!
Shoot: a) +1 shortbow
Press: ? - help, Shift-Dir - straight line, f/p - iguana
Aim: an iguana (heavily wounded, 71% to hit)
You shoot an arrow.
The arrow hits the iguana but does no damage.
The iguana is heavily wounded.
The iguana bites you. The iguana closely misses you.
Shoot: a) +1 shortbow
Press: ? - help, Shift-Dir - straight line, f/p - iguana
Aim: an iguana (heavily wounded, 71% to hit)
You shoot an arrow. The arrow hits the iguana.
The iguana is severely wounded.
The iguana bites you!
* * * LOW HITPOINT WARNING * * *
Okay, then.
Okay, then.
Okay, then.
It was a potion of lignification.
You turn into a tree.
Your +0 leather armour melds into your body.
Your roots penetrate the ground.
The iguana bites you but does no damage.
Shoot: a) +1 shortbow
Press: ? - help, Shift-Dir - straight line, f/p - iguana
Aim: an iguana (severely wounded, 71% to hit)
You shoot an arrow. The arrow closely misses the iguana.
The iguana bites you but does no damage.
Shoot: a) +1 shortbow
Press: ? - help, Shift-Dir - straight line, f/p - iguana
Aim: an iguana (severely wounded, 71% to hit)
You shoot an arrow.
The arrow hits the iguana but does no damage.
The iguana is severely wounded.
The iguana completely misses you. The iguana bites you!
You die...

# , * , # , , ###### #
...... * .# , , ## **
#############.# *, *
.#######.............# *
, .......#.#..........#
,**
.#####..............# ,
.#...#..........♣...#
.#.........######l......
.#..##.....# .......
.#.........# *....... ,
.######....# *......# *
* ...........# >.....# *
..####.#+### ......# ..
#.# * ......# , ,#.# *
,,


You could see an iguana.

Vanquished Creatures
  3 adders (D:2)
  A worm (D:3)
  A ball python (D:3)
  4 endoplasms
  A hobgoblin (D:3)
  3 frilled lizards
  A goblin (D:2)
  A kobold (D:3)
  A rat (D:1)
16 creatures vanquished.

Notes
Turn   | Place    | Note
-------+----------+-------------------------------------------
     0 | D:1      | freelancePsychic the Meteoran Hunter began the quest for
                  | the Orb.
     0 | D:1      | Reached XP level 1. HP: 17/17 MP: 2/2
   336 | D:2      | Reached XP level 2. HP: 25/25 MP: 3/3
   436 | D:2      | Reached skill level 5 in Bows
   436 | D:2      | Reached XP level 3. HP: 30/30 MP: 4/4
   509 | D:3      | Noticed Curundu's ghost (weakling TrFi)
   509 | D:3      | Found a runed translucent door.
   647 | D:3      | Reached XP level 4. HP: 38/38 MP: 5/5
   676 | D:3      | Slain by an iguana

Illustrated notes

Levels and vault maps discovered:
D:1:      dpeg_arrival_radiant, layout_basic
D:2:      cheibrodos_fertilizer, layout_basic,
          hellmonk_ecumenical_altar_watching_god, serial_bayou_crossing
D:3:      layout_basic, mainiacjoe_overflow_catwalk,
          hellmonk_ghost_happy_afterlife, solitary_fountain

Skill      XL: |  1  2  3 |
---------------+----------+-----
Bows           | 5 |  5.3
Fighting       | 3 |  3.0
Dodging        | |  2.4
Stealth        | |  0.6

Action                   |  1- 3 |  4- 6 || total
-------------------------+-------+-------++-------
 Fire: Shortbow          |    37 |    13 ||    50
  Use: Scroll            |     2 |       ||     2
       Potion            |       |     1 ||     1
Armor: Leather armour    |     2 |     1 ||     3
       Skin              |       |     2 ||     2
Dodge: Dodged            |     8 |     3 ||    11

Table legend: (Time is in decaauts)
 A = Elapsed time spent in this place.
 B = Non-inter-level travel time spent in this place.
 C = Inter-level travel time spent in this place.
 D = Time resting spent in this place.
 E = Time spent auto-exploring this place.
 F = Levels seen in this place.
 G = Mean time per level.
                   A        B        C        D        E       F      G
               +--------+--------+--------+--------+--------+-----+--------+
         Total |    695 |    593 |    102 |      0 |    322 |   3 |  231.7 |
       Dungeon |    695 |    593 |    102 |      0 |    322 |   3 |  231.7 |
               +--------+--------+--------+--------+--------+-----+--------+

Top non-repeatable levels by time:
     D:1: 320 daAuts
     D:2: 201 daAuts
     D:3: 173 daAuts
